Map: Ulrena

Players

Czarny

  • Race: Zerg Zerg
  • League: Gold

capac - Winner!

  • Race: Terran Terran
  • League: Gold

VOD

Have the link to the VOD?

Description

Time

  • Played on: March 5, 2016, 2:30 p.m.
  • Length: 21:39
Show
View Real Time Build Order
Export as new Build Order

Czarny Zerg 

Build Orders: Pool First 

Get SALT Encoding   

  12  0:10  Overlord  
  12  0:14  Drone  
  14  0:21  Drone  
  14  0:30  Drone  
  14  0:34  Drone  
  16  0:43  Drone  
  16  0:47  Spawning Pool  
  16  0:50  Extractor  
  16  0:54  Drone  
  16  1:05  Drone  
  17  1:16  Drone  
  18  1:19  Extractor  
  17  1:27  Drone  
  18  1:34  Queen  
  20  1:41  Roach Warren  
  20  1:47  Drone  
  20  1:50  Drone  
  21  2:00  Drone  
  22  2:19  Overlord  
  22  2:30  Overlord  
  22  2:49  Roach x3  
  22  2:50  Roach x2  
  32  2:57  Roach  
  34  3:10  Ravager  
  34  3:11  Ravager x3  
  38  3:14  Overlord  
  38  3:39  Spore Crawler  
  38  3:40  Roach x3  
  40  4:07  Drone x3  
  40  4:44  Drone x3  
  40  4:54  Lair  
  40  5:00  Hatchery  
  40  5:05  Overlord  
  39  5:14  Hatchery  
  38  5:24  Roach  
  38  5:25  Roach x3  
  46  5:36  Roach  
  46  5:40  Ravager  
  46  5:41  Ravager  
  50  5:43  Ravager  
  50  5:47  Overlord, Roach  
  50  5:48  Overlord  
  53  6:03  Burrow  
  53  6:06  Roach x2  
  57  6:15  Queen  
  59  6:41  Drone  
  59  6:42  Drone x2  
  59  6:46  Drone x2  
  64  6:50  Spire  
  64  6:51  Overseer  
  63  6:59  Metabolic Boost  
  63  7:03  Overlord  
  63  7:04  Zergling x2, Drone x2  
  66  7:13  Spore Crawler  
  66  7:14  Roach  
  66  7:15  Roach  
  69  7:29  Spore Crawler  
  68  7:30  Drone x4  
  68  7:33  Drone  
  73  7:42  Glial Reconstitution  
  73  7:49  Drone x3  
  76  7:52  Extractor  
  76  7:55  Extractor  
  76  7:57  Drone x3  
  77  8:04  Mutalisk  
  77  8:05  Mutalisk  
  81  8:20  Overlord x2  
  81  8:44  Mutalisk  
  81  8:45  Mutalisk x4  
  81  8:47  Mutalisk  
  91  9:23  Mutalisk x3  
  93  9:25  Zergling x10  
  98  9:36  Overseer  
  98  9:42  Pneumatized Carapace  
  98  9:48  Overlord  
  98  10:06  Queen  
  100  10:08  Drone  
  100  10:09  Mutalisk, Drone x2  
  100  10:11  Overlord x4  
  105  10:28  Zergling x2  
  106  10:29  Queen x2, Overlord x2  
  106  10:31  Overseer  
  106  10:35  Roach x5  
  120  10:42  Queen  
  122  11:09  Corruptor x5  
  122  11:10  Corruptor  
  134  11:30  Spore Crawler  
  133  11:37  Spore Crawler  
  132  11:47  Roach x3  
  132  11:48  Roach x5  
  132  11:49  Spore Crawler  
  147  11:57  Drone x4  
  151  12:02  Spore Crawler  
  150  12:32  Hydralisk Den  
  150  12:35  Roach  
  150  12:36  Overlord, Roach  
  150  12:37  Overlord x2  
  153  12:41  Extractor  
  152  12:52  Infestation Pit  
  152  12:58  Overseer x3  
  151  13:01  Hatchery  
  150  13:10  Evolution Chamber  
  149  13:14  Evolution Chamber  
  147  13:31  Hydralisk x2  
  147  13:32  Hydralisk x4  
  159  13:58  Zerg Missile Weapons Level 1  
  159  14:00  Zerg Ground Armor Level 1  
  159  14:04  Zergling x8  
  159  14:05  Zergling x4  
  165  14:28  Hive  
  165  14:33  Drone x2  
  166  15:01  Drone x3  
  166  15:02  Queen  
  171  15:09  Roach x2  
  171  15:10  Overlord x2  
  175  15:26  Spore Crawler  
  174  15:29  Spore Crawler  
  174  15:35  Zergling x14  
  179  15:36  Zergling x8  
  184  15:52  Hydralisk x2  
  184  15:53  Hydralisk  
  189  16:25  Overlord x2  
  186  16:59  Viper  
  186  17:00  Viper  
  187  17:01  Zergling x2  
  187  17:02  Roach x5  
  187  17:03  Overlord  
  187  17:04  Overlord x2  
  187  17:06  Zerg Ground Armor Level 2  
  198  17:08  Zerg Missile Weapons Level 2  
  198  17:32  Corruptor  
  111  18:14  Roach  
  111  18:15  Roach x7  
  111  18:16  Roach x8  
  111  18:17  Roach x7  
  111  18:19  Roach  
  108  18:30  Hydralisk x2  
  106  18:40  Hydralisk x3  
  100  19:17  Hydralisk  
  100  19:18  Hydralisk x7  
  100  19:19  Hydralisk  
  114  19:27  Corruptor  
  116  19:32  Hydralisk x7  
  116  19:33  Hydralisk  
  116  19:37  Roach x10  
  116  19:40  Extractor  
  116  19:42  Overlord  
  116  19:43  Zergling x12  
  91  20:02  Roach x3  
  91  20:03  Roach x2  
  95  20:15  Corruptor  
  95  20:16  Corruptor  
  95  20:17  Zergling x2  
  83  21:00  Zergling x2  
  83  21:01  Zergling x12, Roach  
  83  21:02  Zergling x2  
  63  21:16  Roach  
  63  21:17  Roach x8  
Show
View Real Time Build Order
Export as new Build Order

capac Terran - Winner!

Build Orders: MMM Bio 

Get SALT Encoding   

  12  0:00  SCV  
  13  0:13  SCV  
  14  0:19  Supply Depot  
  14  0:26  SCV  
  15  0:40  SCV  
  15  0:42  Barracks  
  16  0:45  Refinery  
  16  0:54  SCV  
  17  1:06  SCV  
  18  1:18  SCV  
  19  1:30  SCV  
  20  1:35  Barracks Reactor  
  20  1:39  Command Center  
  20  1:45  SCV  
  21  1:57  Bunker  
  21  1:59  Supply Depot  
  21  2:13  Marine  
  21  2:14  Marine  
  23  2:19  Orbital Command  
  23  2:29  Barracks  
  23  2:36  Marine  
  23  2:37  Marine  
  24  2:53  Factory  
  24  2:54  SCV  
  25  3:01  Marine x2  
  27  3:12  SCV x2  
  29  3:14  Refinery  
  29  3:24  Marine x2  
  31  3:30  Barracks Tech Lab  
  31  3:35  Supply Depot  
  31  3:41  Factory Tech Lab  
  29  3:56  Marine x2  
  31  4:03  Siege Tank  
  31  4:07  Bunker  
  34  4:14  Reaper  
  34  4:15  Marine  
  36  4:31  Marine  
  37  4:33  Marine  
  36  4:45  Siege Tank  
  36  4:46  Marine  
  36  4:48  Marine  
  36  4:51  Starport, Orbital Command  
  41  4:57  SCV  
  42  5:15  Marine x2, Orbital Command  
  42  5:16  Marine  
  44  5:32  Starport Reactor  
  44  5:33  Marine  
  45  5:36  Supply Depot, Bunker  
  45  5:40  Siege Tank  
  48  5:43  SCV  
  48  5:44  SCV  
  50  5:54  Stimpack  
  50  5:55  Marine x3  
  53  6:01  Supply Depot  
  53  6:13  Medivac x2  
  53  6:17  SCV  
  53  6:18  SCV  
  59  6:30  SCV x2  
  60  6:40  Refinery  
  60  6:46  Supply Depot  
  60  6:49  Marine x3  
  63  6:56  Liberator  
  63  7:09  Marine x3  
  63  7:12  Siege Tank  
  71  7:27  Marine  
  72  7:31  Marine x2  
  74  7:38  SCV x2  
  74  7:40  Refinery  
  76  7:44  Marine  
  76  7:49  Marine  
  78  7:54  Liberator  
  78  8:08  Supply Depot  
  78  8:11  Marine x3, Siege Tank, SCV x2  
  89  8:21  Combat Shields  
  89  8:23  SCV x2  
  89  8:25  Barracks  
  91  8:28  Marine  
  92  8:35  Supply Depot  
  92  8:36  Supply Depot  
  92  8:41  Engineering Bay  
  92  8:43  SCV x2  
  94  9:05  Marine x2  
  94  9:06  Marine, Liberator  
  94  9:07  Liberator  
  94  9:09  Missile Turret  
  97  9:11  Missile Turret  
  82  9:20  Barracks Reactor  
  82  9:23  Barracks  
  85  9:28  Terran Infantry Weapons Level 1  
  85  9:30  SCV x2  
  87  9:33  Engineering Bay  
  87  9:38  Missile Turret  
  87  9:44  Missile Turret  
  87  9:48  SCV x2  
  89  9:52  Supply Depot  
  89  9:53  Marine x2  
  89  9:58  Marine x2  
  93  10:01  Liberator  
  93  10:03  Terran Infantry Armor Level 1  
  86  10:07  Liberator  
  93  10:11  Barracks Reactor  
  93  10:16  SCV x2  
  101  10:32  Siege Tank  
  104  10:44  Liberator  
  104  10:52  Starport  
  106  11:04  Cyclone  
  112  11:19  Medivac  
  111  11:36  Supply Depot, Siege Tank  
  111  11:37  Supply Depot  
  114  11:45  Starport Reactor, Missile Turret  
  114  11:50  Medivac x2  
  118  11:56  Supply Depot, SCV  
  119  12:15  Liberator x2  
  116  12:26  Marine  
  116  12:27  Marine x5  
  116  12:28  Marine  
  116  12:29  Medivac  
  125  12:30  Medivac  
  125  12:34  Supply Depot  
  125  12:35  Siege Tank  
  136  12:41  Command Center  
  136  12:52  Supply Depot  
  136  12:54  Supply Depot  
  136  12:59  Marine x4  
  136  13:00  Supply Depot  
  140  13:26  Liberator x3  
  140  13:35  Marine x2  
  140  13:36  Marine x5  
  147  13:44  Armory  
  156  14:45  Liberator x3  
  153  15:04  Orbital Command  
  162  15:11  Missile Turret  
  162  15:12  Missile Turret  
  162  15:14  Marine x4, Missile Turret  
  162  15:15  Marine x2  
  162  15:17  Missile Turret  
  168  15:34  Marine  
  168  15:35  Marine x5  
  170  15:54  Marine x3  
  170  15:55  Marine x4  
  177  16:27  Marine  
  177  16:28  Marine x3  
  178  17:15  Marine x7  
  182  17:21  Barracks x2  
  185  17:32  Marine  
  185  17:33  Marine  
  104  18:22  Marine x6  
  104  18:26  Marine  
  106  18:34  Barracks Reactor x2  
  106  18:39  Marine  
  106  18:40  Marine x5  
  112  18:43  Marine  
  112  18:57  Marine x3  
  112  18:58  Marine x3  
  112  19:01  Marine  
  114  19:15  Marine x3  
  114  19:16  Marine x3  
  96  19:31  Medivac  
  96  19:32  Marine x3, Medivac x2  
  96  19:33  Marine x7  
  96  19:34  Marine  
  113  19:50  Marine x5  
  113  19:51  Marine x2  
  119  20:18  Marine x6  
  119  20:19  Marine x5  
  130  20:35  Marine  
  107  21:18  Marine x2  
  107  21:19  Marine x6  
  107  21:20  Marine x2  
Tags
 
Composition
MMM Bio
League
GoldGold
Matchup
TvZ
Opening
Pool First
Add a new tag
Caveats
  • Supply blocks, unpowered buildings, or Contaminate may cause inaccurate times.
  • Supply counts are checked every 10 seconds.